 Dungeon Crawl Stone Soup version 0.22-a0 (webtiles) character file.

37 KarmaPolice the Sneak (level 3, -1/25 HPs)
             Began as a Halfling Assassin on Dec 31, 2017.
             Slain by a rat (3 damage)
             ... on level 2 of the Dungeon.
             The game lasted 00:02:57 (856 turns).

KarmaPolice the Sneak (Halfling Assassin)            Turns: 856, Time: 00:02:59

Health: -1/25      AC:  3    Str: 13    XL:     3   Next: 62%
Magic:  3/3        EV: 14    Int:  9    God:
Gold:   63         SH:  0    Dex: 15    Spells: 2/2 levels left

rFire    . . .     SeeInvis .   b - +0 blowgun
rCold    . . .     Gourm    .   (shield restricted)
rNeg     . . .     Faith    .   c - +0 robe
rPois    .         Spirit   .   (no helmet)
rElec    .         Reflect  .   d - +0 cloak
rCorr    .         Harm     .   (no gloves)
MR       .....                  (no boots)
Stlth    +++.......             (no amulet)
HPRegen  0.08/turn              (no ring)
MPRegen  0.08/turn              (no ring)

@: no status effects
A: small, mutation resistance 1
a: no special abilities


You were on level 2 of the Dungeon.
You were not hungry.

You visited 1 branch of the dungeon, and saw 2 of its levels.

You collected 63 gold pieces.

Inventory:

Hand Weapons
 a - a +2 dagger
 b - a +0 blowgun (weapon)
 p - a +0 hunting sling
Missiles
 e - 5 poisoned needles (quivered)
 f - 2 curare-tipped needles
 i - 4 needles of confusion
Armour
 c - a +0 robe (worn)
 d - a +0 cloak (worn)
Jewellery
 l - an uncursed ring of fire {unknown}
Scrolls
 j - a scroll of enchant armour {unknown}
 k - 2 scrolls of remove curse {unknown}
 n - a scroll of teleportation {unknown}
 o - a scroll of fear {unknown}
Potions
 m - a potion of curing {unknown}
Comestibles
 g - a ration


   Skills:
 + Level 2.6 Fighting
 + Level 3.5 Short Blades
 + Level 0.6(2.0) Slings
 - Level 2.0 Throwing
 - Level 1.1 Dodging
 - Level 4.3 Stealth


You had 2 spell levels left.
You didn't know any spells.

Dungeon Overview and Level Annotations

Branches:
Dungeon (2/15)

Altars:
Nemelex Xobeh


Innate Abilities, Weirdness & Mutations

You are small and have problems with some larger weapons.
You are somewhat resistant to further mutation.


Message History

The poisoned needle completely misses the gnoll.
The gnoll hits you.
* * * LOW HITPOINT WARNING * * *
You are too injured to fight recklessly!
Drop what? 15/52 slots (_ for help) (? for menu, Esc to quit)
Okay, then.
Firing (i - inventory. (,) - cycle):
e - 6 poisoned needles (quivered)
Press: ? - help, Shift-Dir - straight line, f/p - gnoll
Aim: a gnoll (moderately wounded)
You shoot a poisoned needle. The poisoned needle hits the gnoll.
The gnoll is poisoned.
The gnoll is moderately wounded.
The gnoll hits you.
* * * LOW HITPOINT WARNING * * *
A rat comes into view.
The gnoll looks more healthy.
You see here a poisoned needle.
The rat closely misses you. The rat bites you.
You die...

... ..##.......# ...
#####.##.##.# ######## ...#####
#.......# #.(....####.# .......#
###...### #(#(...>...# .......#
#...# #(#.##.####.# .......#
#...# #.#g##.# #.....# #...#
#.#.##.## ###
#.....#####...######.#.#⌠.⌠###..
###..#..)......@.gg#....._...#..
#........(((.r.(..##(#⌠.⌠.....
#.##.............#.#.#.....#..
#.#####.#...#.#.###..#(##.##..
.....# #.#...#..## ##......##.#
.##### #.#...#.#.###.##.#.##†..
#.#...#.##.#.###........
#.......###.## ###.##...
#########.#### ### #.##...


You could see 2 gnolls and a rat.

Vanquished Creatures
  A gnoll (D:2)
  An adder (D:2)
  2 dart slugs
  3 giant cockroaches
  A hobgoblin (D:1)
  2 ball pythons (D:1)
  4 bats
  2 frilled lizards (D:1)
  A kobold (D:1)
  A rat (D:1)
18 creatures vanquished.

Notes
Turn   | Place    | Note
-------+----------+-------------------------------------------
     0 | D:1      | KarmaPolice the Halfling Assassin began the quest for the Orb.
     0 | D:1      | Reached XP level 1. HP: 14/14 MP: 1/1
   225 | D:1      | Reached XP level 2. HP: 16/19 MP: 2/2
   349 | D:1      | You fall through a shaft!
   394 | D:2      | Reached XP level 3. HP: 19/25 MP: 3/3
   551 | D:2      | Found a sparkling altar of Nemelex Xobeh.
   848 | D:2      | HP: 1/25 [gnoll (6)]
   856 | D:2      | Slain by a rat

Vault maps used:
D:1:      tarquinn_simple_flora_water_d, minmay_shallow_snake_nest
D:2:      nemelex_xobeh_ov_fountains_minmay

Skill      XL: |  1  2 |
---------------+-------+-----
Fighting       | 2 |  2.6
Short Blades   | 3 |  3.5
Slings         | |  0.6
Throwing       | |  2.0
Dodging        | |  1.1
Stealth        | |  4.3

Action                   || total
-------------------------++-------
Melee: Dagger            ||    59
 Fire: Blowgun           ||    16
 Stab: Sleeping          ||     6
Armor: Robe              ||    22
Dodge: Dodged            ||    50

Table legend:
 A = Spawn XP
 B = Non-spawn XP
 C = Spawn XP percentage of total XP
 D = Spawn monster count
 E = Non-spawn monster count
 F = Spawn count percentage of total count
 G = Total turns spent on level
                    A         B        C        D         E        F      G
               +---------+---------+-------+---------+---------+-------+---------
         Total |       0 |      54 |   0.0 |       0 |      18 |   0.0 |   856
               +---------+---------+-------+---------+---------+-------+---------
           D:1 |       0 |      17 |   0.0 |       0 |      11 |   0.0 |   349
           D:2 |       0 |      37 |   0.0 |       0 |       7 |   0.0 |   507
               +---------+---------+-------+---------+---------+-------+---------
